 Dungeon Crawl Stone Soup version 0.29.1-15-g9cfb28693d (webtiles) character file.

Game seed: 17399772361040110275

18 croobank the Firebug (level 2, -4/19 HPs)
             Began as a Demonspawn Fire Elementalist on Apr 19, 2023.
             Slain by a worm (6 damage)
             ... on level 2 of the Dungeon.
             The game lasted 00:02:13 (1563 turns).

croobank the Firebug (Demonspawn Fire Elementalist) Turns: 1563, Time: 00:02:14

Health: -4/19      AC:  7    Str:  7    XL:     2   Next: 48%
Magic:  0/5        EV: 10    Int: 15    God:
Gold:   125        SH:  0    Dex: 17    Spells: 2/5 levels left

rFire   . . .      SeeInvis .   f - +0 mace
rCold   . . .      Faith    .   (no shield)
rNeg    + . .      Spirit   .   d - +2 ring mail {rN+}
rPois   .          Reflect  .   (helmet restricted)
rElec   .          Harm     .   (no cloak)
rCorr   .          Rampage  .   (no gloves)
Will    .....                   (no boots)
Stlth   +.........              (no amulet)
HPRegen 0.06/turn               (no ring)
MPRegen 0.09/turn               (no ring)

@: attractive
A: foul stench 1, antennae 1, hooves 1, agile 1
a: no special abilities


You were on level 2 of the Dungeon.
You visited 1 branch of the dungeon, and saw 2 of its levels.

You collected 125 gold pieces.

Inventory:

Hand Weapons
 f - a +0 mace (weapon)
 q - a +0 dagger
Missiles
 h - 4 poisoned darts
 k - 3 boomerangs
Armour
 a - a +0 robe
 d - a +2 ring mail of positive energy (worn)
 g - a +1 helmet
Jewellery
 c - a ring of magical power
 i - a +4 ring of protection
Scrolls
 e - a scroll of noise {unknown}
 j - 3 scrolls of identify {unknown}
 l - a scroll of brand weapon {unknown}
 n - 3 scrolls of enchant armour {unknown}
 p - a scroll of blinking {unknown}
Potions
 b - a potion of magic


   Skills:
 * Level 1.1 Armour
 + Level 1.9 Dodging
 + Level 2.0 Stealth
 + Level 2.1 Spellcasting
 + Level 1.2 Conjurations
 + Level 2.8 Fire Magic


You had 2 spell levels left.
You knew the following spells:

 Your Spells              Type           Power      Damage    Failure   Level
a - Foxfire               Conj/Fire      28%        2x1d5     32%         1
b - Scorch                Fire           20%        2d6       34%         2

Your spell library contained the following spells:

 Spells                   Type           Power      Damage    Failure   Level
 Ensorcelled Hibernation  Hex/Ice        2%         N/A       75%         2
 Passwall                 Tmut/Erth      0%         N/A       75%         2
 Conjure Flame            Conj/Fire      7%         6-21      69%         3
 Inner Flame              Hex/Fire       5%         N/A       77%         3
 Swiftness                Air            1%         N/A       92%         3
 Flame Wave               Conj/Fire      7%         2d5       97%         4


Dungeon Overview and Level Annotations

Branches:
Dungeon (2/15)

Altars:
Gozag


Innate Abilities, Weirdness & Mutations

You may rarely emit foul miasma when damaged in melee.
You have a pair of small antennae on your head.
You have large cloven feet.
You are agile. (Dex +4, Str/Int -1)


Message History

Casting: Scorch (extremely dangerous; 28% risk of failure)
Confirm with . or Enter, or press ? or * to list all spells.
You don't have enough magic to cast this spell.
Casting: Scorch (extremely dangerous; 28% risk of failure)
Confirm with . or Enter, or press ? or * to list all spells.
You conjure some foxfire!
You hit the worm.
The worm is heavily wounded.
The foxfire hits the worm.
The worm is heavily wounded.
The worm bites you!
You hit the worm but do no damage.
The worm is heavily wounded.
The worm barely misses you.
Your magical contamination has completely faded away.
You hit the worm.
The worm is heavily wounded.
The worm bites you but does no damage.
You hit the worm.
The worm is severely wounded.
You hit the worm but do no damage.
The worm is severely wounded.
The worm bites you.
* * * LOW HITPOINT WARNING * * *
You hit the worm but do no damage.
The worm is severely wounded.
The worm bites you.
* * * LOW HITPOINT WARNING * * *
Casting: Foxfire (safe; 26% risk of failure)
Confirm with . or Enter, or press ? or * to list all spells.
You conjure some foxfire!
The worm completely misses you.
It was a potion of attraction.
You feel attractive to monsters.
The foxfire hits the worm.
The worm is severely wounded.
It was a potion of mutation.
You feel extremely strange.
You feel agile.
Your feet thicken and deform.
A pair of antennae grows on your head!
Your +1 helmet falls away!
The worm bites you.
You die...

#### #....
#.....#######
#.......w@#..
#.....###.#.#
#.... #.#.# #
#### #.#.##.#
#....#.#
#......# ##
##...###..
##.####.#
#.##...# ..


You could see a worm.

Vanquished Creatures
  3 endoplasms
  3 giant cockroaches (D:1)
  2 goblins (D:1)
  A hobgoblin (D:1)
  A quokka (D:1)
  3 bats
  A frilled lizard (D:1)
  A rat (D:1)
15 creatures vanquished.

Vanquished Creatures (others)
  21 foxfires
21 creatures vanquished.

Grand Total: 36 creatures vanquished

Notes
Turn   | Place    | Note
-------+----------+-------------------------------------------
     0 | D:1      | croobank the Demonspawn Fire Elementalist began the quest
                  | for the Orb.
     0 | D:1      | Reached XP level 1. HP: 13/13 MP: 3/3
   787 | D:1      | Gained mutation: You may rarely emit foul miasma when
                  | damaged in melee. [demonic ancestry]
   787 | D:1      | Reached XP level 2. HP: 13/19 MP: 0/5
   981 | D:1      | Reached skill level 1 in Armour
  1376 | D:2      | Learned a level 2 spell: Scorch
  1464 | D:2      | Found an opulent altar of Gozag.
  1563 | D:2      | Gained mutation: You are agile. (Dex +4, Str/Int -1)
                  | [potion of mutation]
  1563 | D:2      | Gained mutation: You have large cloven feet. [potion of
                  | mutation]
  1563 | D:2      | Gained mutation: You have a pair of small antennae on your
                  | head. [potion of mutation]
  1563 | D:2      | Slain by a worm

Illustrated notes

Levels and vault maps discovered:
D:1:      tarquinn_simple_flora_water_a, layout_loops_corners, minmay_tall_x
D:2:      layout_loops_cross, ebering_ecumenical_altar_petrified, basic_altar

Skill      XL: |  1  2 |
---------------+-------+-----
Stealth        | 2 |  2.0
Armour         | 1 |  1.1
Dodging        | |  1.9
Spellcasting   | |  2.1
Conjurations   | |  1.2
Fire Magic     | |  2.8

Action                   || total
-------------------------++-------
Melee: Unarmed           ||     8
       Mace              ||    23
       Punch             ||     1
 Cast: Foxfire           ||    15
       Scorch            ||     1
  Use: Potion            ||     2
Armor: Ring mail         ||     6
Dodge: Dodged            ||    15
